 Dungeon Crawl Stone Soup version 0.30-a0-55-g90e3122c3a (webtiles) character file.

Game seed: 4214924307085948262

1258 LnG the Cleaver (level 8, -3/71 HPs)
             Began as a Hill Orc Fighter on Sept 9, 2022.
             Slain by a steam dragon (7 damage)
             ... on level 6 of the Dungeon.
             The game lasted 00:15:56 (7133 turns).

LnG the Cleaver (Hill Orc Fighter)                  Turns: 7133, Time: 00:15:56

Health: -3/71      AC:  9    Str: 21    XL:     8   Next: 51%
Magic:  8/8        EV: 10    Int:  8    God:
Gold:   81         SH:  4    Dex: 10    Spells: 7/7 levels left

rFire   . . .      SeeInvis .    n - +1 hand axe (vamp)
rCold   . . .      Faith    .    c - +0 buckler
rNeg    . . .      Spirit   .    b - +0 scale mail
rPois   .          Reflect  .    (no helmet)
rElec   .          Harm     .    (no cloak)
rCorr   +          Rampage  .    (no gloves)
Will    +....                    x - +0 pair of boots
Stlth   ..........               (no amulet)
HPRegen 0.21/turn                i - ring of resist corrosion
MPRegen 0.11/turn                v - ring of willpower

@: no status effects
A: no striking features
a: no special abilities


You were on level 6 of the Dungeon.
You visited 2 branches of the dungeon, and saw 7 of its levels.

You collected 290 gold pieces.
You spent 209 gold pieces at shops.

Inventory:

Hand Weapons
 a - a +0 war axe
 n - a +1 vampiric hand axe (weapon)
Missiles
 j - 2 throwing nets
 u - 7 boomerangs (quivered)
 E - 3 silver boomerangs
Armour
 b - a +0 scale mail (worn)
 c - a +0 buckler (worn)
 x - a +0 pair of boots (worn)
Jewellery
 f - a +4 ring of protection
 i - a ring of resist corrosion (left hand)
 k - a ring of magical power
 v - a ring of willpower (right hand)
 I - a +6 ring of dexterity
Wands
 G - a wand of iceblast (8)
Scrolls
 e - a scroll of blinking
 l - 3 scrolls of fog
 o - a scroll of silence
 p - 3 scrolls of fear
 r - 4 scrolls of teleportation
 s - 2 scrolls of amnesia
 y - 2 scrolls of immolation
 C - a scroll of magic mapping
 H - a scroll of torment
Potions
 d - 3 potions of might
 g - 2 potions of curing
 m - 4 potions of lignification
 q - 2 potions of invisibility
 t - a potion of ambrosia {unknown}
 w - a potion of attraction {unknown}
 z - a potion of haste {unknown}
 A - 2 potions of brilliance {unknown}
 B - a potion of resistance {unknown}
 D - a potion of flight


   Skills:
 + Level 6.4 Fighting
 + Level 8.5 Axes
 + Level 0.4 Throwing
 + Level 6.4 Armour
 + Level 2.1 Dodging
 + Level 0.1 Stealth
 + Level 4.3 Shields


You had 7 spell levels left.
You didn't know any spells.
Your spell library contained the following spells:

 Spells                   Type           Power      Damage    Failure   Level
 Magic Dart               Conj           0%         1d3       80%         1
 Sting                    Tmut/Pois      0%         1d3       80%         1
 Ensorcelled Hibernation  Hex/Ice        0%         N/A       91%         2
 Poisonous Vapours        Pois/Air       0%         N/A       91%         2
 Searing Ray              Conj           0%         2d4       91%         2
 Spider Form              Tmut/Pois      0%         N/A       99%         3
 Anguish                  Hex/Necr       0%         N/A       100%        4
 Fulminant Prism          Conj/Hex       0%         3d6       100%        4
 Olgreb's Toxic Radiance  Pois           0%         N/A       100%        4


Dungeon Overview and Level Annotations

Branches:
Dungeon (6/15)             Temple (1/1) D:5

Altars:
Ashenzari
Cheibriados
Dithmenos
Fedhas
Gozag
Hepliaklqana
Kikubaaqudgha
Makhleb
Nemelex Xobeh
Okawaru
Qazlal
Ru
Sif Muna
Trog
Xom
Zin
The Shining One

Shops:
D:4 :   D:5 !


Message History

The ball of steam hits you!!
* * * LOW HITPOINT WARNING * * *
You feel much better.
You are engulfed in a cloud of scalding steam.
The steam dragon completely misses you. The steam dragon claws you.
* * * LOW HITPOINT WARNING * * *
You hit the steam dragon.
The steam dragon is severely wounded.
You are engulfed in a cloud of scalding steam.
* * * LOW HITPOINT WARNING * * *
The steam dragon bites you.
* * * LOW HITPOINT WARNING * * *
The steam dragon claws you.
* * * LOW HITPOINT WARNING * * *
Found a brass ring.
The steam dragon bites you.
* * * LOW HITPOINT WARNING * * *
The steam dragon barely misses you.
You hit the steam dragon but do no damage.
The steam dragon is severely wounded.
The steam dragon bites you.
* * * LOW HITPOINT WARNING * * *
The steam dragon claws you but does no damage.
You hit the steam dragon but do no damage.
The steam dragon is severely wounded.
You closely miss the steam dragon.
The steam dragon is severely wounded.
The steam dragon breathes steam at you. The ball of steam misses you.
You hit the steam dragon.
The steam dragon is severely wounded.
The steam dragon closely misses you.
The steam dragon claws you but does no damage.
You hit the steam dragon but do no damage.
The steam dragon is severely wounded.
You block the steam dragon's attack.
The steam dragon claws you but does no damage.
You closely miss the steam dragon.
The steam dragon is severely wounded.
The steam dragon bites you!
You die...

....
##............#........
...
###....................#
..
##...............<..##...
............†........# ..
......................# .
.......................#
.......................#
........§§§§......##...#
.......D@.........# #...#
..................# #...
..................# #..
..................# #.
................
................
....=...........
...............


You could see a steam dragon (catching breath).

Vanquished Creatures
  3 ogres
  A phantom (D:5)
  A kobold brigand (D:5)
  A necrophage (D:6)
  A bullfrog (D:6)
  2 scorpions
  A vampire bat (D:4)
  2 jellies (D:5)
  An orc priest (D:5)
  A gnoll bouda (D:5)
  2 iguanas
  Ijyb (D:5)
  4 orc wizards
  11 gnolls
  5 adders
  A worm (D:4)
  4 dart slugs
  16 orcs
  3 bat skeletons (D:4)
  2 bat zombies (D:4)
  9 endoplasms
  2 giant cockroaches (D:2)
  5 goblins
  7 hobgoblins
  2 jackals (D:4)
  12 kobolds
  3 quokkas
  12 ball pythons
  4 bats
  2 frilled lizards (D:3)
  6 rats
127 creatures vanquished.

Vanquished Creatures (others)
  An orc (D:5)
  2 withered plants (D:6)
3 creatures vanquished.

Grand Total: 130 creatures vanquished

Notes
Turn   | Place    | Note
-------+----------+-------------------------------------------
     0 | D:1      | LnG the Hill Orc Fighter began the quest for the Orb.
     0 | D:1      | Reached XP level 1. HP: 19/19 MP: 1/1
   500 | D:1      | Reached skill level 3 in Axes
   625 | D:1      | Reached XP level 2. HP: 25/27 MP: 2/2
  1337 | D:2      | Found a faded altar of an unknown god.
  1383 | D:2      | Reached XP level 3. HP: 33/33 MP: 3/3
  1445 | D:2      | Found an opulent altar of Gozag.
  1837 | D:2      | You fall into a shaft and drop 1 floor!
  1942 | D:3      | Reached skill level 4 in Axes
  2451 | D:3      | Reached XP level 4. HP: 16/41 MP: 4/4
  3168 | D:2      | Reached XP level 5. HP: 30/47 MP: 5/5
  3315 | D:3      | Reached skill level 5 in Axes
  3499 | D:3      | Found a glowing silver altar of Zin.
  3603 | D:4      | Noticed an ogre
  3617 | D:4      | Killed an ogre
  3618 | D:4      | Reached skill level 1 in Dodging
  3618 | D:4      | Reached XP level 6. HP: 28/55 MP: 6/6
  4116 | D:3      | Reached skill level 5 in Fighting
  4116 | D:3      | Reached skill level 6 in Axes
  4471 | D:4      | Reached XP level 7. HP: 59/61 MP: 7/7
  4473 | D:4      | Found a stormy altar of Qazlal.
  4674 | D:4      | Found Axket's Book Boutique.
  5040 | D:4      | Reached skill level 5 in Armour
  5057 | D:4      | Found an ancient bone altar of Kikubaaqudgha.
  5202 | D:5      | Entered Level 5 of the Dungeon
  5216 | D:5      | Reached skill level 7 in Axes
  5425 | D:5      | Found Suleir's Distillery.
  5438 | D:5      | Bought a potion of invisibility for 88 gold pieces
  5438 | D:5      | Bought 2 potions of degeneration for 22 gold pieces
  5438 | D:5      | Bought 2 potions of lignification for 66 gold pieces
  5438 | D:5      | Bought a potion of flight for 33 gold pieces
  5444 | D:5      | Found a shimmering blue altar of Sif Muna.
  5496 | D:5      | Noticed Ijyb
  5758 | D:5      | Reached XP level 8. HP: 28/69 MP: 8/8
  6276 | D:5      | Killed Ijyb
  6277 | D:5      | Reached skill level 8 in Axes
  6292 | D:5      | Found a staircase to the Ecumenical Temple.
  6300 | Temple   | Entered the Ecumenical Temple
  6609 | D:5      | Found a shadowy altar of Dithmenos.
  7123 | D:6      | HP: 2/71 [steam dragon/ball of steam (22)]
  7133 | D:6      | Slain by a steam dragon

Illustrated notes

Levels and vault maps discovered:
D:1:      minmay_arrival_widening_spiral_narrow, layout_basic, minivault_25
D:2:      layout_loops_corners, hellmonk_ecumenical_altar_run_dry, basic_altar
D:3:      layout_rooms, zin_treasury, serial_corexii_hall,
          chequers_hall_statues_wall_a, chequers_hall_statues_corner_a
D:4:      layout_cave_pools, mainiacjoe_overflow_catwalk,
          kennysheep_vampire_church, serial_shops, nicolae_shop_statue_plus
D:5:      layout_gridville, lemuel_tele_altar, nicolae_dithmenos_the_darkroom,
          minmay_temple_entry_junction, serial_shops, shop, uniq_ijyb
D:6:      layout_layer_cave, serial_undead, serial_undead_d, serial_undead_a,
          serial_undead_b, serial_undead_e, chequers_serial_rivers_micro_a,
          minmay_diced_spiral
Temple:   minmay_temple_bridge_abc

Skill      XL: |  1  2  3  4  5  6  7  8 |
---------------+-------------------------+-----
Axes           | 3 4 5 6 7 8 |  8.5
Fighting       | 4 5 6 |  6.4
Armour         | 4 5 6 |  6.4
Dodging        | 1 2 |  2.1
Shields        | 4 |  4.3
Throwing       | |  0.4
Stealth        | |  0.1

Action                   |  1- 3 |  4- 6 |  7- 9 || total
-------------------------+-------+-------+-------++-------
Melee: War axe           |    56 |       |       ||    56
       Hand axe          |    46 |   180 |   280 ||   506
Throw: Boomerang         |       |       |     6 ||     6
  Use: Scroll            |     1 |     5 |     5 ||    11
       Potion            |       |       |     3 ||     3
Armor: Scale mail        |    32 |    65 |   128 ||   225
Dodge: Dodged            |    43 |    69 |   111 ||   223
Block: Buckler           |    20 |    43 |    42 ||   105

Table legend: (Time is in decaauts)
 A = Elapsed time spent in this place.
 B = Non-inter-level travel time spent in this place.
 C = Inter-level travel time spent in this place.
 D = Time resting spent in this place.
 E = Time spent auto-exploring this place.
 F = Levels seen in this place.
 G = Mean time per level.
                   A        B        C        D        E       F      G
               +--------+--------+--------+--------+--------+-----+--------+
         Total |   7178 |   6862 |    316 |   2313 |   2434 |   7 | 1025.4 |
       Dungeon |   6983 |   6688 |    295 |   2313 |   2267 |   6 | 1163.8 |
        Temple |    194 |    173 |     21 |      0 |    167 |   1 |  194.0 |
               +--------+--------+--------+--------+--------+-----+--------+

Top non-repeatable levels by time:
     D:3: 1485 daAuts
     D:5: 1410 daAuts
     D:1: 1336 daAuts
     D:4: 1313 daAuts
     D:2: 1271 daAuts
  Temple: 194 daAuts
     D:6: 166 daAuts
